[Event "*** SCC Grand Prix: Titled Tuesday Blitz"]
[Site "Chess.com"]
[Date "2020.06.23"]
[Round "2"]
[White "WinstonSilvakov"]
[Black "aa175"]
[Result "0-1"]
[WhiteElo "2141"]
[BlackElo "2405"]
[TimeControl "180+1"]
[EndTime "10:18:58 PDT"]
[Termination "aa175 won on time"]

1. d4 e5 2. dxe5 Nc6 3. f4 d5 4. exd6 Bxd6 5. e3 Nf6 6. Nf3 Bg4 7. Be2 Bc5 8. Qxd8+ Rxd8 9. c3 Nd5 10. e4 Ne3 11. Bxe3 Bxe3 12. g3 Bc1 13. Nbd2 Bxb2 14.
Rb1 Bxc3 15. Rd1 Nb4 16. a4 Nd3+ 17. Kf1 Nb2 18. Rb1 Bh3+ 19. Kf2 O-O 20. Rhc1 Bxd2 21. Rc2 Nxa4 22. Rxd2 Rxd2 23. Nxd2 Nb6 24. Rb5 Rd8 25.
Nf3 Bd7 26. Ne5 Bxb5 27. Bxb5 a6 28. Be2 Rd2 29. Ke3 Ra2 30. Bf3 Ra3+ 31. Ke2 f6 32. Nd3 Ra2+ 33. Ke3 Rxh2 34. Nc5 Ra2 35. Nxb7 Nc4+ 36.
Kd4 Nd6 37. Bd1 Ra1 38. Bb3+ Kf8 39. Nc5 Rb1 40. Ne6+ Ke7 41. Bd5 Rb4+ 0-1

[Event "*** SCC Grand Prix: Titled Tuesday Blitz"]
[Site "Chess.com"]
[Date "2020.06.23"]
[Round "2"]
[White "Artyom_ChessMate"]
[Black "BocharovD"]
[Result "1-0"]
[WhiteElo "2518"]
[BlackElo "2727"]
[TimeControl "180+1"]
[EndTime "10:18:59 PDT"]
[Termination "Artyom_ChessMate won on time"]

1. e4 c5 2. Nc3 e6 3. Nge2 Nc6 4. g3 Nf6 5. Bg2 d6 6. O-O Be7 7. d4 cxd4 8. Nxd4 O-O 9. Nxc6 bxc6 10. e5 dxe5 11. Bxc6 Rb8 12. Bg2 Qc7 13. Qe2 Bb7 14. Re1 Bxg2 15. Kxg2 Bd6 16. Ne4 Nxe4 17. Qxe4 f5 18.
Qe2 e4 19. c3 Bc5 20. Bf4 e5 21. Qc4+ Rf7 22. Bc1 Qb6 23. Re2 Rd8 24. b4 f4 25.
Rxe4 Bxf2 26. gxf4 Rd1 27. Bb2 Rd2 28. Re2 Rxe2 29.
Qxe2 Be3 30. f5 Rxf5 31. Qc4+ Kf8 32. Qc8+ Ke7 33. Qxf5 Qc6+ 34. Qf3 Qg6+ 35. Qg3 Bf4 36. Qxg6 hxg6 37. Kf3 Ke6 38. Ke4 g5 39. h3 1-0

[Event "*** SCC Grand Prix: Titled Tuesday Blitz"]
[Site "Chess.com"]
[Date "2020.06.23"]
[Round "2"]
[White "MrChampion_Coach"]
[Black "Reader777"]
[Result "1/2-1/2"]
[WhiteElo "2431"]
[BlackElo "2672"]
[TimeControl "180+1"]
[EndTime "10:18:59 PDT"]
[Termination "Game drawn by repetition"]

1. d4 Nf6 2. c4 e6 3. Nf3 c5 4. d5 exd5 5. cxd5 d6 6. Nc3 g6 7. Bf4 a6 8. e3 Bg7 9. Be2 O-O 10. O-O b5 11. Nd2 Re8 12. Bf3 Bf5 13. Rc1 b4 14.
Ne2 Ne4 15. Nc4 g5 16. Bxe4 Rxe4 17. Nxd6 Rxf4 18. exf4 Qxd6 19. Ng3 Bd7 20. fxg5 Bb5 21. Ne4 Qg6 22. Re1 Nd7 23. Re3 Bd4 24. Re1 Re8 25.
Qg4 Ne5 26. Qg3 Nd7 27. Qf4 Be5 28. Qf3 Bxb2 29. Rcd1 Bd4 30. h4 Qg7 31. Qg3 Be5 32.
Qg4 Nf8 33. h5 Bd7 34. Qf3 Bd4 35. Nf6+ Bxf6 36. gxf6 Qg5 37. Rxe8 Bxe8 38. d6 Nd7 39. Re1 Nxf6 40. Qxf6 Qxf6 41. Rxe8+ Kg7 42. d7 Qa1+ 43. Kh2 Qf6 44. d8=Q Qf4+ 45. Kh3 Qf5+ 46. Kh4 Qf4+ 47. Kh3 Qf5+ 48. Kh2 Qf4+ 49. Kg1 Qc1+ 50. Kh2 Qf4+ 1/2-1/2

[Event "*** SCC Grand Prix: Titled Tuesday Blitz"]
[Site "Chess.com"]
[Date "2020.06.23"]
[Round "2"]
[White "monalize"]
[Black "LuckSlayeer"]
[Result "0-1"]
[WhiteElo "2254"]
[BlackElo "2460"]
[TimeControl "180+1"]
[EndTime "10:18:59 PDT"]
[Termination "LuckSlayeer won on time"]

1. e4 c5 2. Nf3 Nc6 3. d4 cxd4 4. Nxd4 e5 5. Nb5 d6 6. c4 Be7 7. N1c3 a6 8. Na3 Be6 9. Nd5 Rc8 10. Nc2 Bg5 11.
Nce3 Nf6 12. Bd3 O-O 13. h4 Bh6 14. g4 Bf4 15. g5 Nd7 16. Nxf4 exf4 17. Ng2 f3 18.
Nf4 Nce5 19. b3 Nc5 20. Bc2 b5 21. cxb5 Qa5+ 22. Qd2 Qxb5 23. Bb2 Rfd8 24. Rd1 Rd7 25. h5 Qc6 26. Nd5 Bxd5 27. exd5 Qb5 28. Qd4 Re8 29. Kd2 Qe2+ 30. Kc1 Rc8 31. Rd2 Nxb3+ 32. axb3 Qb5 33. Kb1 a5 34. g6 fxg6 35. hxg6 h6 36. Qe4 Rdc7 37. Bxe5 a4 38. Bb2 axb3 39. Bd1 Qa5 40. Bc3 Qa3 0-1

[Event "*** SCC Grand Prix: Titled Tuesday Blitz"]
[Site "Chess.com"]
[Date "2020.06.23"]
[Round "2"]
[White "Kaua18"]
[Black "Barmen_EV"]
[Result "0-1"]
[WhiteElo "2232"]
[BlackElo "2453"]
[TimeControl "180+1"]
[EndTime "10:18:59 PDT"]
[Termination "Barmen_EV won on time"]

1. d4 d5 2. Nf3 Nf6 3. Bf4 c5 4. e3 Nc6 5. h3 Qb6 6. Qc1 cxd4 7. exd4 Nxd4 8. Nxd4 Qxd4 9. Be3 Qe5 10. Nd2 e6 11. Nf3 Qc7 12. c4 Bb4+ 13. Nd2 O-O 14.
cxd5 Qxc1+ 15. Rxc1 Nxd5 16. Bc4 Nxe3 17. fxe3 Rd8 18.
Rc2 b5 19. Bxb5 Bb7 20. Ke2 Bxg2 21. Rh2 Bd5 22. a3 Bd6 23. Rf2 Rab8 24. Bd3 a5 25. Nc4 Bc7 26. e4 Ba8 27. Ne3 Bb6 28. Rf3 a4 29. Nc4 Bd4 30. Rg3 Rb3 31. Kf1 Bxe4 32. Ke2 f5 33. Nd2 Rxd3 34. Rxd3 Bxd3+ 35. Kxd3 Bxb2+ 36. Ke3 Bxa3 37. Rc4 Ra8 38. Nf3 Bb2 39. Ne1 a3 40. Nc2 a2 41. Rc6 Ra3+ 42. Kf4 Rc3 0-1

[Event "*** SCC Grand Prix: Titled Tuesday Blitz"]
[Site "Chess.com"]
[Date "2020.06.23"]
[Round "2"]
[White "Rodalquilar"]
[Black "BikingBrian"]
[Result "1-0"]
[WhiteElo "2645"]
[BlackElo "2283"]
[TimeControl "180+1"]
[EndTime "10:19:00 PDT"]
[Termination "Rodalquilar won by resignation"]

1. d4 Nf6 2. c4 g6 3. Nc3 Bg7 4. e4 d6 5. f4 O-O 6. Nf3 c5 7. dxc5 Qa5 8. Bd3 Qxc5 9. Qe2 Bg4 10. Be3 Bxf3 11. Qxf3 Qb4 12. O-O Nc6 13. Rab1 Qa5 14. a3 Qd8 15. h3 Nd7 16. Qf2 a5 17. Rfd1 a4 18. Nd5 e6 19. Nb6 Nxb6 20.
Bxb6 Qe7 21. Bc2 Rfc8 22. Kh1 Na5 23. Bxa4 Nxc4 24. Bb5 Nxb6 25. Qxb6 Rc2 26. Qxd6 Qxd6 27. Rxd6 Rxb2 28. Rxb2 Bxb2 29. a4 Rc8 30. Rd7 b6 31.
Rd6 Rb8 32. g3 Bc1 33. Kg2 Be3 34. Kf3 Bc5 35. Rc6 Bg1 36. Rc1 Bd4 37. Rc4 Bg1 38. e5 Kf8 39. Rc7 Bd4 40. Kg4 h6 41. h4 Bf2 42.
Kf3 Bd4 43. Ke4 Bf2 44. Kf3 Bd4 45. Bc4 Rd8 46. g4 Bg1 47. f5 gxf5 48. gxf5 Bd4 49. Ke4 exf5+ 50. Kxf5 Re8 51. Rxf7+ Kg8 52. Rd7+ Kf8 53.
Rxd4 Re7 54. Rd8+ Kg7 55. e6 Rc7 56. Rd7+ Rxd7 57. exd7 1-0

[Event "*** SCC Grand Prix: Titled Tuesday Blitz"]
[Site "Chess.com"]
[Date "2020.06.23"]
[Round "2"]
[White "Boninknights"]
[Black "davidkalashian"]
[Result "0-1"]
[WhiteElo "2328"]
[BlackElo "2640"]
[TimeControl "180+1"]
[EndTime "10:19:00 PDT"]
[Termination "davidkalashian won on time"]

1. d4 Nf6 2. Nf3 e6 3. c4 b6 4. g3 Ba6 5. Nbd2 Bb4 6. Qa4 c5 7. a3 Bxd2+ 8. Bxd2 Bb7 9. Bg2 cxd4 10. O-O O-O 11.
Nxd4 Bxg2 12. Kxg2 d5 13. Bg5 dxc4 14. Qxc4 Nbd7 15.
Nc6 Qe8 16. Rfd1 Rc8 17. Rac1 h6 18. Bxf6 Nxf6 19. b4 a6 20. e4 b5 21. Qc5 Kh8 22.
f3 Rc7 23. Qd6 Rd7 24. Qc5 Rc7 25. Qd6 Rd7 26. Qc5 Rxd1 27. Rxd1 Qc8 28. Qb6 Nd7 29. Qa7 Nf6 30. Qb6 Nd7 31. Qa7 Qxc6 32. Rxd7 Qc2+ 33. Kh3 Kg8 34. Qxa6 Qf2 35. Qxb5 Qxf3 36. Qe5 Qxa3 37. b5 Qc1 38. Kg2 Qc2+ 39. Kh3 Qb1 40. Kg2 Rc8 41. Rc7 Rd8 0-1

[Event "*** SCC Grand Prix: Titled Tuesday Blitz"]
[Site "Chess.com"]
[Date "2020.06.23"]
[Round "2"]
[White "IgotJinxed"]
[Black "SilviusTiberius"]
[Result "0-1"]
[WhiteElo "2171"]
[BlackElo "2416"]
[TimeControl "180+1"]
[EndTime "10:19:00 PDT"]
[Termination "SilviusTiberius won by resignation"]

1. d4 Nf6 2. c4 g6 3. Nc3 Bg7 4. e4 d6 5. Nf3 O-O 6. Be2 e5 7. O-O Na6 8. d5 Nc5 9. Qc2 a5 10. Ne1 Nfd7 11. Be3 f5 12. f3 fxe4 13. fxe4 Rxf1+ 14.
Bxf1 Nf6 15. a3 Ng4 16. Bc1 Bh6 17. Bxh6 Nxh6 18. Rd1 Ng4 19. Qe2 Nb3 20. Nf3 Qf6 21. h3 Nh6 22. Qe3 Kg7 23. Nb5 Nd4 24. Nfxd4 exd4 25. Qxd4 Qxd4+ 26. Rxd4 Bd7 27. Nxc7 Rc8 28. Ne6+ Kf6 29.
Nf4 Ke5 30. Ne2 b5 31. cxb5 Bxb5 32. Rd2 Bxe2 33. Bxe2 Kxe4 34. Bf3+ Kf4 35. Kf2 Nf5 36. b4 axb4 37. axb4 Rc1 38. Rb2 Nd4 39. b5 Rc8 40. b6 Rb8 41. b7 Ke5 42. Ke3 Nxf3 43. Kxf3 Kxd5 44. Kg4 Kc6 45. Rc2+ Kxb7 46. Rd2 Kc6 47. Kg5 Rb5+ 48. Kh6 Rh5+ 49. Kg7 d5 50. Kf6 Kc5 51. Ke6 d4 52. Rc2+ Kb4 53. Rd2 Kc3 54. Rd1 d3 0-1

[Event "*** SCC Grand Prix: Titled Tuesday Blitz"]
[Site "Chess.com"]
[Date "2020.06.23"]
[Round "2"]
[White "kingofthenil"]
[Black "FMOlexandrProhorov"]
[Result "1-0"]
[WhiteElo "2396"]
[BlackElo "2100"]
[TimeControl "180+1"]
[EndTime "10:19:01 PDT"]
[Termination "kingofthenil won by resignation"]

1. Nf3 g6 2. c4 Bg7 3. e3 c5 4.
Nc3 Nf6 5. d4 cxd4 6. exd4 O-O 7. Bg5 d6 8. Be2 Nc6 9. O-O Bg4 10. h3 Bf5 11. Bd3 Qd7 12. Re1 Rac8 13. b3 e5 14. Bxf5 Qxf5 15. d5 Nd4 16. Nxd4 exd4 17. Bxf6 dxc3 18. Bxg7 Kxg7 19. Qd4+ Qf6 20. Qxf6+ Kxf6 21. Rac1 Rfe8 22. Rxe8 Rxe8 23. Rxc3 Re2 24. Rf3+ Ke7 25.
Re3+ Rxe3 26. fxe3 Kf6 27. Kf2 Ke5 28. Kf3 f5 29. h4 h6 30. g3 g5 31. hxg5 hxg5 32. g4 b6 33. a3 a6 34. gxf5 Kxf5 35. Kg3 g4 36. b4 a5 37. bxa5 bxa5 38. a4 Ke4 39.
Kxg4 Ke5 40. Kf3 Kf5 41. e4+ Ke5 42. Ke3 Kf6 43. Kf4 Ke7 44. e5 dxe5+ 45. Kxe5 Kd7 46. c5 Kc7 47. c6 1-0

[Event "*** SCC Grand Prix: Titled Tuesday Blitz"]
[Site "Chess.com"]
[Date "2020.06.23"]
[Round "2"]
[White "ChessArchitect64"]
[Black "pavlitas17"]
[Result "1-0"]
[WhiteElo "1894"]
[BlackElo "2331"]
[TimeControl "180+1"]
[EndTime "10:19:01 PDT"]
[Termination "ChessArchitect64 won by checkmate"]

1. d4 Nf6 2. c4 g6 3. Nc3 Bg7 4. Nf3 O-O 5. Bg5 d6 6. e3 Nbd7 7. Qc2 h6 8. Bh4 e5 9. Be2 Qe7 10. O-O c6 11. a3 g5 12. Bg3 e4 13. Nd2 d5 14. b4 a6 15. b5 h5 16. bxc6 bxc6 17. c5 Re8 18. Bd6 Qe6 19. Qa4 Ng4 20. Qxc6 Ra7 21. Qxd5 Qh6 22. Bxg4 Nf6 23. Qc6 Bxg4 24.
Ndxe4 Bd7 25. Nxf6+ Qxf6 26. Qb6 Raa8 27. Nd5 Qg6 28. Ne7+ Rxe7 29. Bxe7 Qe4 30. Bxg5 Re8 31. Qd6 Bh3 32. f3 Qf5 33. gxh3 Qxg5+ 34. Qg3 Qxe3+ 35. Kh1 Re6 36. Rae1 Qd3 37. Qf2 Rg6 38. Rd1 Qc4 39.
d5 Be5 40. d6 Qf4 41. d7 Bc7 42. d8=Q+ Bxd8 43. Rxd8+ Kh7 44. Rdd1 Qf5 45. Rc1 Rc6 46. Qc2 Qxc2 47. Rxc2 h4 48. Rd1 a5 49. Rd6 a4 50.
Rxc6 f6 51. Rc4 Kg7 52. Rg4+ Kh6 53. Rxf6+ Kh5 54. Rf5+ Kh6 55. Rfg5 Kh7 56. Rh5# 1-0

[Event "*** SCC Grand Prix: Titled Tuesday Blitz"]
[Site "Chess.com"]
[Date "2020.06.23"]
[Round "2"]
[White "2007checkmate"]
[Black "DrVelja"]
[Result "0-1"]
[WhiteElo "2447"]
[BlackElo "2841"]
[TimeControl "180+1"]
[EndTime "10:19:02 PDT"]
[Termination "DrVelja won by resignation"]

1. Nc3 c5 2. Nf3 Nc6 3. d4 cxd4 4. Nxd4 Nf6 5. g3 g6 6. Bg2 Bg7 7. O-O O-O 8. b3 d5 9. Bb2 e5 10. Nxc6 bxc6 11. e4 d4 12. Na4 Ba6 13. Re1 Qe7 14. f4 Bb5 15. fxe5 Nd7 16. Bxd4 Bxa4 17. bxa4 Bxe5 18.
c3 Rad8 19. Qe2 c5 20. Bxe5 Qxe5 21. Qe3 Nf6 22. Rad1 Kg7 23. Bf3 h5 24. Kg2 Rxd1 25. Rxd1 Rb8 26. Qd3 Rb2+ 27. Rd2 Rb8 28. a5 Re8 29.
Re2 h4 30. g4 h3+ 31. Kg1 Nh7 32. Bh1 Ng5 33. Qe3 Rb8 34. Re1 Rb2 35. Re2 Rb1+ 36.
Re1 Rxe1+ 37. Qxe1 Qf4 38. Qe2 Qc1+ 39. Kf2 Qxh1 40. Kg3 Qg2+ 41. Qxg2 hxg2 42. Kxg2 Nxe4 43. c4 Nd6 44. Kf3 Nxc4 45. Ke4 Nxa5 46. Kd5 c4 47. Kd4 f5 48. gxf5 gxf5 49. a4 f4 50. h4 Kh6 0-1

[Event "*** SCC Grand Prix: Titled Tuesday Blitz"]
[Site "Chess.com"]
[Date "2020.06.23"]
[Round "2"]
[White "Oleksandr_Bortnyk"]
[Black "ruslansezdbekov"]
[Result "1-0"]
[WhiteElo "2906"]
[BlackElo "2563"]
[TimeControl "180+1"]
[EndTime "10:19:03 PDT"]
[Termination "Oleksandr_Bortnyk won by checkmate"]

1. e4 e5 2. Nf3 Nc6 3. Bc4 Nf6 4. Ng5 d5 5. exd5 Na5 6. Bb5+ c6 7. dxc6 bxc6 8. Bd3 Bc5 9. Qf3 O-O 10. Nc3 h6 11. Nge4 Nxe4 12. Nxe4 Bb6 13. b4 Nb7 14. Bb2 f5 15. Bc4+ Kh7 16. Ng3 Nd6 17. Bb3 f4 18. Qd3+ e4 19. Nxe4 Nxe4 20. Qxe4+ Bf5 21. Qf3 Re8+ 22.
Kd1 Qg5 23. h4 Qg6 24. Kc1 Be4 25. Qxf4 Bxg2 26. Bf7 Qe4 27. Qxe4+ Rxe4 28. Rd1 Bf3 29. Rg1 Bg4 30. Bc3 Rf8 31. Bb3 Bxf2 32. Rg2 Bh3 33.
Rxg7+ Kh8 34. Rg8+ Kh7 35. Rxf8 Bd4 36. Bxd4 Rxd4 37.
Kb2 Kg6 38. Rg1+ Kh5 39. Rf6 Kxh4 40. Rxh6# 1-0

[Event "*** SCC Grand Prix: Titled Tuesday Blitz"]
[Site "Chess.com"]
[Date "2020.06.23"]
[Round "2"]
[White "Kapitan_Bayan"]
[Black "elamier"]
[Result "1/2-1/2"]
[WhiteElo "2464"]
[BlackElo "2307"]
[TimeControl "180+1"]
[EndTime "10:19:04 PDT"]
[Termination "Game drawn by agreement"]

1. d4 d5 2. c4 c6 3. cxd5 cxd5 4. Nf3 Nf6 5. Nc3 Nc6 6. Bf4 a6 7. e3 Bg4 8. Be2 e6 9. O-O Bd6 10. Bg5 O-O 11. Rc1 Rc8 12. h3 Bxf3 13. Bxf3 h6 14. Bh4 Be7 15. Na4 Nd7 16. Bg3 Qa5 17. a3 b5 18. Nc5 Bxc5 19. dxc5 Nce5 20. Qd4 Nxf3+ 21. gxf3 Nb8 22. Bxb8 Rxb8 23. b4 Qxa3 24. Ra1 Qb3 25. Rxa6 Ra8 26. Rfa1 Rxa6 27. Rxa6 Qc4 28.
Ra5 Rb8 29. Qxc4 dxc4 30. c6 Rc8 31. Rxb5 Rxc6 32. Ra5 c3 33. Ra1 Kf8 34. Kf1 c2 35. Rc1 Rc4 36. Ke2 Rxb4 37. Rxc2 Rh4 38. f4 Rxh3 39. Rc7 h5 40. Kf1 Rh1+ 41. Kg2 Ra1 42. Rc8+ Ke7 43. Rc7+ Kf6 44. Kg3 g6 45. Rb7 Rg1+ 46.
Kh2 Rg4 47. Kh3 Rg1 48. Kh2 Rc1 49. Kg2 Rc2 50. Kf3 Kg7 51. Ra7 Rc1 52. Kg2 Rc2 53. Rb7 Rc1 54. Ra7 Rc2 55. Rb7 1/2-1/2

[Event "*** SCC Grand Prix: Titled Tuesday Blitz"]
[Site "Chess.com"]
[Date "2020.06.23"]
[Round "2"]
[White "profofchess"]
[Black "Carolina-moon"]
[Result "1-0"]
[WhiteElo "2381"]
[BlackElo "2029"]
[TimeControl "180+1"]
[EndTime "10:19:05 PDT"]
[Termination "profofchess won on time"]

1. e4 c5 2. Nf3 d6 3. c3 Nf6 4. Bc4 Nxe4 5. Qa4+ Nc6 6. Bxf7+ Kxf7 7. Qxe4 e6 8. d4 Be7 9. O-O d5 10. Ne5+ Nxe5 11.
Qxe5 Bf6 12. Qh5+ g6 13. Qf3 Kg7 14. dxc5 Rf8 15. Rd1 Bd7 16. Qh3 Kg8 17. Bh6 Rf7 18. Qd3 Qe7 19. b4 a6 20. Nd2 Bc6 21. a4 e5 22. Nb3 e4 23. Qe3 Re8 24. Nd4 Bxd4 25. Rxd4 Qh4 26. Bg5 Qg4 27. Qg3 Qf5 28. Be3 Ref8 29.
h3 Bd7 30. c4 dxc4 31. Rxc4 Be6 32. Rd4 Qf6 33. b5 Bf5 34. Rc1 axb5 35. axb5 Qe6 36. c6 bxc6 37. bxc6 Qb3 38. c7 Bc8 39.
Rd8 Qa3 40. Rxf8+ Rxf8 41. Qe5 Ba6 42. Re1 Qd3 43. Bd4 1-0

[Event "*** SCC Grand Prix: Titled Tuesday Blitz"]
[Site "Chess.com"]
[Date "2020.06.23"]
[Round "2"]
[White "Mikhal867"]
[Black "chipmunknau"]
[Result "0-1"]
[WhiteElo "2318"]
[BlackElo "2597"]
[TimeControl "180+1"]
[EndTime "10:19:06 PDT"]
[Termination "chipmunknau won on time"]

1. d4 Nf6 2. c4 e6 3. Nf3 c5 4.
d5 exd5 5. cxd5 d6 6. Nc3 a6 7. a4 g6 8. e4 Bg7 9. h3 O-O 10.
Bd3 Re8 11. O-O c4 12. Bc2 Nbd7 13. Re1 Qc7 14. Bf4 Nh5 15. Bh2 Ne5 16. Nxe5 Bxe5 17. Bxe5 Rxe5 18. a5 Rb8 19. Qd4 b5 20. Kh2 Bd7 21. g3 f6 22. f4 Re7 23. Bd1 b4 24.
Na4 Ng7 25. Qxf6 Rbe8 26. e5 Rf7 27. Qg5 Rf5 28. Qh4 dxe5 29. Bg4 Ref8 30. Nb6 g5 31.
Qh6 R8f6 32. Bxf5 Rxh6 33. Bxd7 gxf4 34. g4 Rxb6 35. axb6 Qxd7 36. Rxa6 Qb7 37. Rea1 Ne8 38. Ra8 Kf8 39. d6 c3 40. d7 Qxd7 41. bxc3 bxc3 42. R1a7 Qd2+ 43. Kg1 c2 44. Rc8 c1=Q+ 45. Rxc1 Qxc1+ 46. Kf2 Qc5+ 47. Kf3 Qxb6 48. Rxh7 Qb3+ 49. Ke4 Qb1+ 50. Kxe5 Qxh7 51. Kxf4 Qxh3 0-1

[Event "*** SCC Grand Prix: Titled Tuesday Blitz"]
[Site "Chess.com"]
[Date "2020.06.23"]
[Round "2"]
[White "Sueetin"]
[Black "TigrVShlyape"]
[Result "0-1"]
[WhiteElo "2347"]
[BlackElo "2910"]
[TimeControl "180+1"]
[EndTime "10:19:09 PDT"]
[Termination "TigrVShlyape won on time"]

1. d4 Nf6 2. c4 g6 3. Nc3 Bg7 4. Nf3 d6 5. e4 O-O 6. Be2 e5 7. d5 Na6 8. Bg5 h6 9. Bh4 Nc5 10. Nd2 a5 11. O-O Bd7 12. b3 c6 13. dxc6 bxc6 14. Qc2 Ne6 15. Rfd1 Nd4 16. Qb2 g5 17. Bg3 c5 18. Nf1 h5 19. f3 h4 20. Bf2 Nh5 21. Ne3 Nf4 22. Bf1 h3 23. g3 Ng6 24. Kh1 Qf6 25.
Be2 Ne7 26. Ncd5 Nxd5 27. Nxd5 Qh6 28. Bxd4 cxd4 29. Nb6 Ra7 30. Nxd7 Rxd7 31. Qd2 Ra7 32. a3 f5 33. Bd3 f4 34. g4 Rfa8 35. Qb2 Qh4 36.
Kg1 Bf8 37. b4 axb4 38. axb4 Qh7 39. b5 Qb7 40. Rxa7 Rxa7 41. Rb1 Qb6 42. Qb3 Kg7 43. c5 dxc5 44. Qd5 Qd6 45. b6 Qxd5 46. exd5 Ra3 47. b7 Bd6 48. Be4 d3 49. b8=Q Bxb8 50. Rxb8 Ra1+ 51. Kf2 d2 52. Bc2 Rc1 53. Bb3 c4 54.
Ke2 cxb3 0-1

[Event "*** SCC Grand Prix: Titled Tuesday Blitz"]
[Site "Chess.com"]
[Date "2020.06.23"]
[Round "2"]
[White "Angel_Hranitel_37"]
[Black "Efremov_Vlad"]
[Result "1-0"]
[WhiteElo "2429"]
[BlackElo "2194"]
[TimeControl "180+1"]
[EndTime "10:19:10 PDT"]
[Termination "Angel_Hranitel_37 won on time"]

1. d4 d5 2. c4 e6 3. Nf3 Nf6 4. g3 dxc4 5. Bg2 Nc6 6. Qa4 Nd7 7. Qxc4 Nb6 8. Qd3 e5 9. dxe5 Qxd3 10. exd3 Nb4 11.
Na3 Nxd3+ 12. Ke2 Nxc1+ 13. Raxc1 Bxa3 14. bxa3 c6 15. Nd4 Bd7 16. Rb1 O-O-O 17. Nb3 Be6 18. Rhc1 Bd5 19. Bh3+ Kc7 20. f4 Rhe8 21. Kf2 Bxb3 22. axb3 Rd2+ 23. Kg1 Red8 24. Rf1 Ra2 25. Rf2 Rxa3 26. f5 Ra5 27. f6 Rxe5 28. fxg7 Re7 29.
Rbf1 Rg8 30. Rxf7 Rxg7 31. Rxg7 Rxg7 32. Rf8 Nd5 33. Ra8 a6 34. Bf5 Nb6 35. Rh8 a5 36.
Rxh7 Rxh7 37. Bxh7 a4 38. bxa4 Nxa4 39. g4 Kd6 40. g5 Ke7 41. h4 Nc5 42. h5 Ne4 43. g6 Kf6 44. h6 Ng5 45. g7 1-0

[Event "*** SCC Grand Prix: Titled Tuesday Blitz"]
[Site "Chess.com"]
[Date "2020.06.23"]
[Round "2"]
[White "bait_or_mate"]
[Black "Grischuk"]
[Result "0-1"]
[WhiteElo "2612"]
[BlackElo "3107"]
[TimeControl "180+1"]
[EndTime "10:19:11 PDT"]
[Termination "Grischuk won on time"]

1. d4 Nf6 2. c4 g6 3. Nc3 Bg7 4.
e4 d6 5. Nf3 O-O 6. Be2 e5 7. O-O Na6 8. dxe5 dxe5 9. Be3 c6 10.
Qxd8 Rxd8 11. Rad1 Re8 12. h3 Nh5 13. b3 Nf4 14. Rd2 Bf8 15. Rc1 Ba3 16. Re1 Bb4 17. Rc2 Nxe2+ 18. Rexe2 f6 19. Red2 Be6 20. Kf1 b6 21.
Ke2 Kf7 22. Rd1 Nc5 23. Bxc5 Bxc5 24. Na4 Be7 25. Ne1 Rec8 26. Nb2 h5 27. Ned3 Rd8 28. f3 Rd4 29. Nf2 f5 30. Rxd4 exd4 31.
Nbd3 c5 32. Kd1 Bd6 33. Re2 a6 34. exf5 gxf5 35. Ne5+ Kf6 36. Nfd3 h4 37. Nf4 Bxe5 38.
Nxe6 Bd6 39. f4 Rg8 40. Kd2 Rg3 41. Nd8 Bxf4+ 42. Kd1 Be3 43. Kc2 f4 44. Nc6 Kf5 45. Nb8 Ke4 0-1

[Event "*** SCC Grand Prix: Titled Tuesday Blitz"]
[Site "Chess.com"]
[Date "2020.06.23"]
[Round "2"]
[White "Schandenfreude"]
[Black "51616516516"]
[Result "0-1"]
[WhiteElo "2513"]
[BlackElo "2321"]
[TimeControl "180+1"]
[EndTime "10:19:12 PDT"]
[Termination "51616516516 won on time"]

1. Nf3 Nf6 2. c4 b6 3. b3 Bb7 4. Bb2 g6 5. e3 Bg7 6. g3 O-O 7. Bg2 d6 8. d4 Nbd7 9. O-O e5 10. dxe5 Ng4 11. Nc3 Ngxe5 12. Nxe5 Bxg2 13. Nxd7 Bxf1 14. Nxf8 Bh3 15. Nxh7 Kxh7 16. Qd2 Qe7 17. Nd5 Qe4 18. Nf4 Bg4 19. Bxg7 Kxg7 20. Qd5 Qe5 21. Qxe5+ dxe5 22. Nd5 c6 23. Nb4 Rc8 24. Kg2 e4 25. Kf1 a5 26. Nc2 Rd8 27. Ke1 g5 28. Nd4 c5 29.
Ne2 Rh8 30. h4 gxh4 31. gxh4 Rxh4 32. Ng3 Bf3 33. Rc1 Rh8 34. Rc2 Rd8 35. Rd2 Rxd2 36.
Kxd2 Kf6 37. Kc3 Ke5 38. Nf1 f5 39. Nd2 Be2 40. Kc2 Bd3+ 41. Kc3 f4 0-1

[Event "*** SCC Grand Prix: Titled Tuesday Blitz"]
[Site "Chess.com"]
[Date "2020.06.23"]
[Round "2"]
[White "kakakz"]
[Black "TheSodabread"]
[Result "0-1"]
[WhiteElo "2342"]
[BlackElo "1919"]
[TimeControl "180+1"]
[EndTime "10:19:12 PDT"]
[Termination "TheSodabread won on time"]

1. d4 f5 2. c4 Nf6 3. Nc3 e6 4. f3 Bb4 5. Qb3 Bxc3+ 6. Qxc3 O-O 7.
Bg5 d6 8. e3 Nbd7 9. Bd3 b6 10.
Nh3 Bb7 11. O-O Qe8 12. Rae1 e5 13. Bxf5 e4 14. d5 exf3 15. gxf3 Ne5 16. Be6+ Kh8 17.
e4 h6 18. Bh4 Bc8 19. f4 Ng6 20. Bxf6 Rxf6 21. f5 Bxe6 22. dxe6 Ne5 23. b3 g6 24. Qe3 Kh7 25. Re2 Qe7 26. Ref2 Rg8 27. Kh1 Ng4 28. Qf4 Nxf2+ 29. Rxf2 Rgf8 30. Qh4 Qg7 31. Ng5+ Kg8 32. Nf7 R8xf7 33. exf7+ Kxf7 34. fxg6+ Qxg6 35. Rxf6+ Qxf6 36. Qh5+ Ke6 37. Qd5+ Kd7 38. Kg2 Qe5 39. Qf7+ Kc6 40. Qd5+ Qxd5 41. exd5+ Kc5 42. Kg3 Kb4 43. Kg4 Ka3 44. Kh5 Kxa2 45. Kxh6 Kxb3 46.
h4 a5 47. Kg6 a4 48. h5 a3 49. h6 a2 50. h7 a1=Q 51. h8=Q Qxh8 0-1

[Event "*** SCC Grand Prix: Titled Tuesday Blitz"]
[Site "Chess.com"]
[Date "2020.06.23"]
[Round "2"]
[White "tsvet2005"]
[Black "Phriex"]
[Result "0-1"]
[WhiteElo "2640"]
[BlackElo "2387"]
[TimeControl "180+1"]
[EndTime "10:19:13 PDT"]
[Termination "Phriex won on time"]

1. d4 d5 2. c4 e6 3. Nc3 Be7 4.
cxd5 exd5 5. Bf4 c6 6. e3 Bd6 7. Bxd6 Qxd6 8. Bd3 Ne7 9. Nf3 Bf5 10. O-O O-O 11. Re1 Nd7 12. Bxf5 Nxf5 13. Qd3 g6 14. e4 dxe4 15. Nxe4 Qc7 16. d5 cxd5 17. Qxd5 Rad8 18. Rac1 Qb6 19. Rcd1 Qxb2 20. Rd2 Qb6 21. Qc4 Nf6 22. Rxd8 Qxd8 23. Neg5 Qd5 24. Qc3 Qc6 25. Qb2 h6 26. Nh3 Re8 27. Rxe8+ Nxe8 28. Nf4 Ned6 29. h3 Qe4 30.
Qd2 b5 31. Nd5 Qe6 32. Nc7 Qc4 33. Nd5 Ne4 34. Qd1 Qxa2 35. Ne7+ Nxe7 36. Qd8+ Kg7 37. Qxe7 Qxf2+ 38. Kh1 Ng3+ 39. Kh2 Nf5 40. Qe5+ Kh7 41.
Qf6 Qg3+ 42. Kh1 Qc7 43. Ne5 Kg8 44. Nc6 Ng3+ 45. Kg1 Nf5 46. Ne5 Qb6+ 0-1

[Event "*** SCC Grand Prix: Titled Tuesday Blitz"]
[Site "Chess.com"]
[Date "2020.06.23"]
[Round "2"]
[White "DenisQ"]
[Black "budda"]
[Result "0-1"]
[WhiteElo "2636"]
[BlackElo "2338"]
[TimeControl "180+1"]
[EndTime "10:19:14 PDT"]
[Termination "budda won on time"]

1. Nf3 Nf6 2. c4 e6 3. g3 d5 4. Bg2 Be7 5. O-O O-O 6. d4 c6 7. Qc2 Nbd7 8. Nbd2 b6 9. b3 Bb7 10. Bb2 Rc8 11. e4 c5 12. exd5 exd5 13. Qf5 dxc4 14.
Nxc4 cxd4 15. Bxd4 Nc5 16. Rad1 Qc7 17. Rfe1 Rfd8 18. Ng5 Bxg2 19. Bxf6 g6 20. Rxd8+ Rxd8 21. Rxe7 Qxe7 22. Bxe7 Rd1+ 23. Kxg2 gxf5 24. Bxc5 bxc5 25. Nf3 Ra1 26. a4 Rb1 27. Nfd2 Rd1 28. Kf3 Kg7 29.
Ke2 Rh1 30. h4 f4 31. Ne5 fxg3 32. fxg3 Rg1 33. Kf2 Rd1 34. Ke2 Rg1 35. Nf1 Rg2+ 36.
Ke3 Rb2 37. Nd2 Rc2 38. Nc6 Rc3+ 39. Kf2 Rd3 40. Ne4 Rxb3 41. Nxa7 c4 42. Nb5 Rb4 43.
Nec3 Rb2+ 44. Ke3 Rg2 45. a5 Rxg3+ 46. Kf4 Rh3 47. a6 Rxh4+ 48. Kg5 Rh1 49. a7 Ra1 50. Nd5 Ra5 51. Ndc7 c3 0-1

[Event "*** SCC Grand Prix: Titled Tuesday Blitz"]
[Site "Chess.com"]
[Date "2020.06.23"]
[Round "2"]
[White "chito89"]
[Black "SaqoChess_Twitch"]
[Result "1-0"]
[WhiteElo "2755"]
[BlackElo "2397"]
[TimeControl "180+1"]
[EndTime "10:19:14 PDT"]
[Termination "chito89 won by resignation"]

1. e4 c5 2. Nf3 d6 3. d4 cxd4 4. Nxd4 Nf6 5. Nc3 g6 6. f4 Nc6 7.
Nxc6 bxc6 8. Bd3 Bg7 9. O-O O-O 10. Kh1 Qb6 11. Qe1 d5 12. e5 Ne8 13. b3 Nc7 14. Ba3 c5 15. Na4 Qc6 16. Bxc5 Re8 17. Qa5 Bf5 18. Rac1 Qd7 19. Bxf5 gxf5 20. Bd4 Ne6 21.
c3 Rec8 22. Nc5 Nxc5 23. Bxc5 Qc7 24. Qxc7 Rxc7 25. Bd4 e6 26. h3 a5 27. g4 fxg4 28. hxg4 Bh6 29. Rc2 a4 30. Rh2 Bf8 31. f5 Rb8 32. b4 Rc4 33. a3 Rb7 34. Rf3 Rbc7 35. f6 h6 36. g5 Kh7 37. gxh6 Rxd4 38.
cxd4 Rc1+ 39. Kg2 Rd1 40. Rg3 Rd2+ 41. Kh1 Rd1+ 42. Rg1 Rxd4 43. Rg7+ Kh8 44. Rxf7 Kg8 45. Rxf8+ Kh7 46. Rf7+ Kh8 47. h7 Rd1+ 48. Kg2 Rd2+ 49. Kg3 Rd3+ 50. Kg4 Rd4+ 51. Kg3 Rd3+ 52. Kg4 Rd4+ 53.
Kf3 Rd3+ 54. Kf4 Rd4+ 55. Kg5 1-0